 Dungeon Crawl Stone Soup version 0.31-a0-175-g9f7f995f2b (webtiles) character file.

Game seed: 8950171372309297805

79 qw the Chopper (level 4, -8/28 HPs)
             Began as a Gargoyle Fighter on June 16, 2023.
             Mangled by a gnoll
             ... wielding a +0 halberd of flaming
              (10 damage)
             ... on level 3 of the Dungeon.
             The game lasted 00:00:57 (1555 turns).

qw the Chopper (Gargoyle Fighter)                   Turns: 1555, Time: 00:00:57

Health: -8/28      AC: 10    Str: 21    XL:     4   Next: 37%
Magic:  4/4        EV:  9    Int:  9    God:
Gold:   93         SH:  4    Dex:  9    Spells: 3/3 levels left

rFire   . . .        a - +3 broad axe (heavy)
rCold   . . .        c - +0 buckler
rNeg    + . .        b - +0 scale mail
rPois   inf          (no helmet)
rElec   +            (no cloak)
rCorr   .            (no gloves)
SInv    .            (no boots)
Will    .....        (no amulet) Stlth
                     (no ring)
HPRegen 0.24/turn    (no ring)
MPRegen 0.09/turn

%: no passive effects
@: no status effects
A: sickness immunity, AC +3, negative energy resistance 1, electricity
resistance, torment resistance 1, petrification resistance
a: no special abilities


You were on level 3 of the Dungeon.
You visited 1 branch of the dungeon, and saw 3 of its levels.

You collected 93 gold pieces.


Innate Abilities, Weirdness & Mutations

You are immune to sickness and miasma.
Your stone body is resilient. (AC +3)
You are immune to poison.
You resist negative energy. (rN+)
You are resistant to electric shocks. (rElec)
You are resistant to unholy torment.
You are immune to petrification.


   Skills:
 - Level 3.2 Fighting
 + Level 4.0 Axes
 - Level 0.2 Throwing
 - Level 3.2 Armour
 - Level 3.2 Shields


You had 3 spell levels left.
You didn't know any spells.
Your spell library was empty.

Inventory:

Hand Weapons
 a - a +3 heavy broad axe (weapon)
 i - a +0 flail
Armour
 b - a +0 scale mail (worn)
 c - a +0 buckler (worn)
Scrolls
 f - 3 scrolls of identify
Potions
 d - a potion of might
 g - a potion of lignification
 o - 2 potions of curing

Dungeon Overview and Level Annotations

Branches:
Dungeon (3/15)

Altars:
Qazlal
Wu Jian


Message History

The gnoll closely misses you.
You barely miss the gnoll.
The gnoll shouts!
The gnoll hits you but does no damage. The gnoll closely misses you. x2
The gnoll hits you with a +0 flail.
You slash the gnoll!
The gnoll is almost dead.
The gnoll hits you but does no damage. You block the gnoll's attack.
The gnoll closely misses you. x2
You hit the gnoll.
You kill the gnoll!
The gnoll hits you from afar with a +0 halberd of flaming.
The gnoll burns you. The gnoll hits you but does no damage.
The gnoll closely misses you.
You hit the gnoll.
The gnoll is heavily wounded.
You block the gnoll's attack. The gnoll misses you.
The gnoll barely misses you. The gnoll closely misses you.
You closely miss the gnoll.
The gnoll is heavily wounded.
The gnoll hits you but does no damage. The gnoll barely misses you. x4
The gnoll hits you but does no damage.
You slice the gnoll!!
You kill the gnoll!
You block the gnoll's attack. The gnoll hits you but does no damage.
The gnoll completely misses you.
Your Axes skill increases to level 4!
You completely miss the gnoll. The gnoll closely misses you.
The gnoll hits you from afar with a +0 halberd of flaming.
The gnoll burns you. The gnoll barely misses you. The gnoll closely misses you.
You closely miss the gnoll. The gnoll barely misses you.
The gnoll closely misses you. The gnoll barely misses you.
The gnoll hits you but does no damage.
You slice the gnoll!!
You kill the gnoll!
The gnoll hits you from afar with a +0 halberd of flaming!
The gnoll burns you.
The gnoll hits you from afar with a +0 halberd of flaming!
You die...

#..#...<#......#
....####........#
###..............##
#########.#.#....
#....#.#.# #
##.##.....##
.............#
.#.###.###.#.# #
#.#...#@# #.#.###)#
#.#. .g. ... ._...
#.# #...... #.
###..... # #......
#......#


You could see a gnoll.

Vanquished Creatures
  3 gnolls (D:3)
  An adder (D:3)
  A dart slug (D:2)
  6 ball pythons
  4 bats
  4 endoplasms
  A giant cockroach (D:1)
  2 goblins (D:2)
  7 hobgoblins
  9 kobolds
  2 quokkas
  A frilled lizard (D:2)
  6 rats
47 creatures vanquished.

Notes
Turn   | Place    | Note
-------+----------+-------------------------------------------
     0 | D:1      | qw the Gargoyle Fighter began the quest for the Orb.
     0 | D:1      | Reached XP level 1. HP: 14/14 MP: 1/1
     0 | D:1      | 0 ||| qw: Version: 0.2-a-29-g511e9b1
     0 | D:1      | 0 ||| qw: Game counter: 5818
     0 | D:1      | 0 ||| qw: Always use a shield: true
     0 | D:1      | 0 ||| qw: God list: Okawaru
     0 | D:1      | 0 ||| qw: Allow faded altars: false
     0 | D:1      | 0 ||| qw: Do Orc after D:15 true
     0 | D:1      | 0 ||| qw: Do second Lair branch before Depths: true
     0 | D:1      | 0 ||| qw: Lair rune preference: random
     0 | D:1      | 0 ||| qw: Plans: Normal, Zot:1-4, Slime:5, God:TSO, Crypt,
                  | Tomb, Abyss, Pan, Hells, Win
     0 | D:1      | 0 ||| PLANNING D:1-11
    91 | D:1      | Reached skill level 2 in Axes
   152 | D:1      | 152 ||| DROPPING +0 club.
   303 | D:1      | 303 ||| Stepping ~*~*~tactically~*~*~ (hiding).
   304 | D:1      | 304 ||| Stepping ~*~*~tactically~*~*~ (hiding).
   315 | D:1      | Reached XP level 2. HP: 19/19 MP: 2/2
   432 | D:1      | 432 ||| Stepping ~*~*~tactically~*~*~ (stealth).
   717 | D:1      | Reached skill level 3 in Axes
   754 | D:1      | 754 ||| Stepping ~*~*~tactically~*~*~ (hiding).
   779 | D:1      | Reached XP level 3. HP: 21/23 MP: 3/3
   860 | D:1      | 860 ||| READING scroll labelled GOERIT JAQOLUD.
   861 | D:1      | 861 ||| READING scroll labelled ASMUSOPEG.
   862 | D:1      | 862 ||| READING scroll labelled QEF DEKLEW.
   879 | D:1      | 879 ||| READING scroll labelled WAERAG MIEZUJA.
   880 | D:1      | 880 ||| READING scroll labelled OTHUGIULEA.
   883 | D:1      | 883 ||| READING scroll labelled QALIUF VITY.
   884 | D:1      | 884 ||| READING scroll labelled IDEDID BIENAP.
   885 | D:1      | 885 ||| DRINKING 2 fizzy sapphire potions.
   912 | D:1      | 912 ||| DRINKING 2 glowing yellow potions.
   913 | D:1      | 913 ||| DRINKING 2 grey potions.
   914 | D:1      | 914 ||| DROPPING potion of brilliance.
  1058 | D:2      | 1058 ||| Stepping ~*~*~tactically~*~*~ (hiding).
  1078 | D:2      | Found a stormy altar of Qazlal.
  1210 | D:2      | 1210 ||| Stepping ~*~*~tactically~*~*~ (stealth).
  1214 | D:2      | 1214 ||| Stepping ~*~*~tactically~*~*~ (stealth).
  1443 | D:2      | 1443 ||| READING scroll labelled TAOLIAWKIE.
  1443 | D:2      | Identified a scroll of acquirement
  1443 | D:2      | 1443 ||| ACQUIRING +3 heavy broad axe
  1443 | D:2      | Acquired a +3 heavy broad axe
  1445 | D:2      | 1445 ||| UPGRADING to +3 heavy broad axe.
  1446 | D:2      | 1446 ||| DROPPING +0 war axe.
  1447 | D:2      | 1447 ||| READING 4 scrolls of identify.
  1447 | D:2      | 1447 ||| IDENTIFYING sapphire potion
  1448 | D:2      | 1448 ||| DROPPING potion of berserk rage.
  1512 | D:3      | Reached XP level 4. HP: 27/28 MP: 4/4
  1544 | D:3      | Found an ornate altar of the Wu Jian Council.
  1553 | D:3      | Reached skill level 4 in Axes
  1555 | D:3      | HP: 2/28 [gnoll/+0 halberd of flaming (6)]
  1555 | D:3      | Mangled by a gnoll

Levels and vault maps discovered:
D:1:      wander_arrival_estate, layout_loops_ring, serial_bayou,
          serial_bayou_lagoon_b, serial_bayou_pond_e, serial_bayou_pond_c,
          serial_bayou_pond_a, serial_bayou_lake_a
D:2:      layout_rooms, basic_altar
D:3:      layout_basic, mainiacjoe_overflow_large_starburst,
          gammafunk_ghost_icy, serial_bayou_crossing

Skill      XL: |  1  2  3  4 |
---------------+-------------+-----
Axes           | 2 3 4 |  4.0
Fighting       | |  3.2
Throwing       | |  0.2
Armour         | |  3.2
Shields        | |  3.2

Action                     |  1- 3 |  4- 6 || total
---------------------------+-------+-------++-------
  Melee: War axe           |    96 |       ||    96
         Broad axe         |    10 |    10 ||    20
  Throw: Javelin           |    15 |       ||    15
    Use: Scroll            |     9 |       ||     9
         Potion            |     3 |       ||     3
 Armour: Scale mail        |    39 |     7 ||    46
  Dodge: Dodged            |    58 |    20 ||    78
  Block: Buckler           |    19 |     3 ||    22

Table legend:
 A = Non-vault XP
 B = Vault XP
 C = Vault XP percentage of total XP
 D = Non-vault monster count
 E = Vault monster count
 F = Vault count percentage of total count
                 A         B        C        D         E       F
            +---------+---------+-------+---------+---------+-------
      Total |     127 |       0 |   0.0 |      47 |       0 |   0.0
            +---------+---------+-------+---------+---------+-------
        D:1 |      36 |       0 |   0.0 |      22 |       0 |   0.0
        D:2 |      31 |       0 |   0.0 |      18 |       0 |   0.0
        D:3 |      60 |       0 |   0.0 |       7 |       0 |   0.0
            +---------+---------+-------+---------+---------+-------
